AoeStats
← tjmsky

Arabia

506604025Analyzed
1v1 RM · 19d ago on Sep 14, 2026· 25m 55s· 2 players
Game mode
Random Map
Map size
Tiny (2 player)
Population
200
Speed
Normal
Resources
Standard
Victory
Conquest
Starting age
Dark Age
Ending age
Imperial Age
RankedLock teamsTeams togetherTeam positionsShared explorationLock speedFull tech treeHidden civsTurbo modeCheats
Victory
Defeat
🇭🇰 Chinese · Hong Kong SAR China
828
+47
🇸🇰 Teutons · Slovakia
874
-18
tjmsky
1:16 Loom
10:17 Feudal Age
11:06 Double-Bit Axe
16:53 Horse Collar
18:43 Fletching
19:56 Padded Archer Armor
21:36 Wheelbarrow
21:37 Gold Mining
21:39 Stone Mining
25:45 Castle Age
23:50 Scale Mail Armor
24:36 Scale Barding Armor
24:43 Bloodlines
25:56 Forging
25:52 Crossbowman
CHoBoT
11:17 Feudal Age
11:21 Man-at-Arms
12:11 Double-Bit Axe
17:53 Horse Collar
23:26 Castle Age
Connection lost

Rejoining the realm…

Still unreachable

The connection could not be restored.

Session expired

The server has moved on; the page needs a fresh start.